 Dungeon Crawl Stone Soup version 0.20-a0-32-gb8e7c72 (webtiles) character file.

100 GlassEater the Grave Robber (level 4, -1/30 HPs)
             Began as a Mummy Necromancer on Nov 9, 2016.
             Slain by an adder (4 damage)
             ... on level 3 of the Dungeon.
             The game lasted 00:09:48 (3724 turns).

GlassEater the Grave Robber (Mummy Necromancer)     Turns: 3724, Time: 00:09:49

Health: -1/30      AC:  2    Str: 11    XL:     4   Next: 46%
Magic:  6/7        EV: 12    Int: 15    God:
Gold:   112        SH:  0    Dex: 12    Spells: 2 memorised, 2 levels left

rFire  . . .     SeeInvis .     c - +0 dagger
rCold  + . .     Gourm    .     a - +0 robe
rNeg   + + +     Faith    .     (no shield)
rPois  ∞         Spirit   .     (no helmet)
rElec  .         Reflect  .     (no cloak)
rCorr  .         Harm     .     (no gloves)
MR     .....                    (no boots)
Stlth  ++........               (no amulet)
                                (no ring)
                                f - ring of protection from fire

@: no status effects
A: no food or potions, fire vulnerability, cold resistance 1, negative energy
resistance 3, torment resistance, unbreathing
a: no special abilities


You were on level 3 of the Dungeon.
You were not hungry.

You visited 1 branch of the dungeon, and saw 4 of its levels.

You collected 112 gold pieces.

Inventory:

Hand Weapons
 c - a +0 dagger (weapon)
Armour
 a - a +0 robe (worn)
Jewellery
 f - a ring of protection from fire (left hand)
Scrolls
 d - a scroll of recharging {unknown}
 e - 3 scrolls of identify {unknown}
 g - a scroll of magic mapping {unknown}
 h - 3 scrolls of random uselessness {unknown}
 i - a scroll of amnesia {unknown}
Books
 b - a book of Necromancy

   Spells                             Type                      Level
   a - Pain                           Necromancy                   1
   b - Animate Skeleton               Necromancy                   1
   c - Vampiric Draining              Necromancy                   3
   d - Regeneration                   Charms/Necromancy            3
   e - Animate Dead                   Necromancy                   4
   f - Control Undead                 Necromancy                   4


   Skills:
 - Level 1.5 Dodging
 - Level 3.1 Stealth
 - Level 2.0 Spellcasting
 + Level 5.1 Necromancy


You had 2 spell levels left.
You knew the following spells:

 Your Spells              Type           Power        Failure   Level  Hunger
a - Pain                  Necr           ###.         2%          1    N/A
b - Animate Dead          Necr           N/A          28%         4    N/A

Dungeon Overview and Level Annotations

Branches:
Dungeon (4/15)
 Temple: D:4-7

Altars:
Hepliaklqana
Okawaru
Xom
The Shining One

Annotations:
D:4 Grinder


Innate Abilities, Weirdness & Mutations

You do not eat or drink.
Your flesh is vulnerable to fire.
You are immune to poison.
Your flesh is cold resistant. (rC+)
You are immune to negative energy. (rN+++)
You are immune to unholy pain and torment.
You can survive without breathing.


Message History

The gnoll writhes in agony!
Your magical contamination has completely faded away.
The gnoll hits you from afar with a spear.
* * * LOW HITPOINT WARNING * * *
Things that are here:
a robe; a dagger The gnoll hits you from afar with a spear.
* * * LOW HITPOINT WARNING * * *
A gnoll comes into view. It is wielding a spear.
The gnoll moves out of view.
An adder comes into view.
The adder hisses angrily.
The adder bites you.
* * * LOW HITPOINT WARNING * * *
You see here a leather armour.
The adder bites you.
* * * LOW HITPOINT WARNING * * *
The adder closely misses you. The adder bites you.
You die...

........S...#
...(..g....##
..........##
#.######### ..# ###
.## #.## .# #..# (#
#..## .# #.@.# (#
#S#.## )# #.#..# .#
#g##.# .########
#.##.# ###########
...†....# #[##.#
#.........#
..#####.# #.##.#
#.........# .## #.#
#.##.# #.........#
.## #.#
#.##.####.....!...#


You could see a gnoll and an adder.

Vanquished Creatures
  3 adders (D:2)
  An ooze (D:2)
  2 leopard geckos
  4 orcs (D:3)
  8 bats
  A giant cockroach (D:1)
  6 goblins
  6 hobgoblins
  8 kobolds
  A quokka (D:3)
  5 frilled lizards
  8 rats
53 creatures vanquished.

Vanquished Creatures (collateral kills)
  A gnoll (D:3)
  An ooze (D:3)
  A goblin (D:3)
3 creatures vanquished.

Grand Total: 56 creatures vanquished

Notes
Turn   | Place    | Note
-------+----------+-------------------------------------------
     0 | D:1      | GlassEater the Mummy Necromancer began the quest for the Orb.
     0 | D:1      | Reached XP level 1. HP: 13/13 MP: 3/3
   253 | D:1      | Reached XP level 2. HP: 13/19 MP: 1/5
  1063 | D:1      | Found a shimmering altar of Xom.
  1065 | D:1      | Found a shimmering altar of Xom.
  1065 | D:1      | Found a basalt altar of Yredelemnul.
  1069 | D:1      | Found a sacrificial altar of Ru.
  1069 | D:1      | Found an opulent altar of Gozag.
  1069 | D:1      | Found an iron altar of Okawaru.
  1303 | D:2      | Reached XP level 3. HP: 18/24 MP: 6/6
  2069 | D:2      | Found a hazy altar of Hepliaklqana.
  2323 | D:2      | Reached XP level 4. HP: 29/30 MP: 4/7
  2402 | D:2      | Found a faded altar of an unknown god.
  2402 | D:2      | Found a faded altar of an unknown god.
  2408 | D:2      | Learned a level 4 spell: Animate Dead
  2412 | D:2      | Found a faded altar of an unknown god.
  2414 | D:2      | Found a faded altar of an unknown god.
  2416 | D:2      | Found an iron altar of Okawaru.
  3025 | D:3      | Found a glowing golden altar of the Shining One.
  3045 | D:3      | Reached skill level 5 in Necromancy
  3450 | D:3      | You fall through a shaft!
  3584 | D:4      | Noticed Grinder
  3586 | D:4      | Paralysed by Grinder for 2 turns
  3685 | D:3      | HP: 1/30 [gnoll/spear (3)]
  3724 | D:3      | Slain by an adder

Vault maps used:
D:1:      saegor_arrival_simple_a, doesnt_xom_only_xom
D:2:      nicolae_overflow_hidden_temple, chequers_temple_overflow_minitemple
D:3:      lemuel_crystal_altar
D:4:      nicolae_dithmenos_the_darkroom, lemuel_round_altar, first_bread,
          portal_sewer_entry_e, minmay_misc_feat_plants, grunt_ministairs_2,
          lemuel_tele_altar, uniq_grinder

Skill      XL: |  1  2  3  4 |
---------------+-------------+-----
Stealth        | 2 3 |  3.1
Necromancy     | 5 |  5.1
Dodging        | |  1.5
Spellcasting   | |  2.0

Action                   |  1- 3 |  4- 6 || total
-------------------------+-------+-------++-------
Melee: Unarmed           |    32 |       ||    32
       Dagger            |    89 |    48 ||   137
 Cast: Pain              |    42 |    23 ||    65
       Animate Dead      |       |     6 ||     6
 Stab: Sleeping          |     2 |       ||     2
Armor: Robe              |    34 |     6 ||    40
Dodge: Dodged            |    93 |    25 ||   118
